 Dungeon Crawl Stone Soup version 0.31-a0-620-gd1cbd99268 (webtiles) character file.

Game seed: 8825100204448848627

49 Locuples the Sneak (level 3, -4/27 HPs)
             Began as a Demonspawn Brigand on Aug 23, 2023.
             Slain by a gnoll
             ... wielding a +0 flail
              (6 damage)
             ... on level 2 of the Dungeon.
             The game lasted 00:02:38 (1090 turns).

Locuples the Sneak (Demonspawn Brigand)             Turns: 1090, Time: 00:02:39

Health: -4/27      AC:  4    Str: 17    XL:     3   Next: 53%
Magic:  3/3        EV: 12    Int: 12    God:
Gold:   103        SH:  0    Dex: 16    Spells: 2/2 levels left

rFire   . . .        a - +2 dagger
rCold   . . .        (no shield)
rNeg    . . .        b - +0 robe
rPois   .            (no helmet)
rElec   .            c - +0 cloak
rCorr   .            (no gloves)
SInv    .            j - +0 pair of boots
Will    .....        (no amulet)
Stlth   +++          k - +6 ring of strength
HPRegen 0.24/turn    (no ring)
MPRegen 0.16/turn

%: no passive effects
@: no status effects
A: demonic guardian 1, magic regeneration
a: no special abilities


You were on level 2 of the Dungeon.
You visited 1 branch of the dungeon, and saw 2 of its levels.

You collected 103 gold pieces.

Inventory:

Hand Weapons
 a - a +2 dagger (weapon)
Missiles
 d - 9 poisoned darts (quivered)
 e - 3 curare-tipped darts
Armour
 b - a +0 robe (worn)
 c - a +0 cloak (worn)
 j - a +0 pair of boots (worn)
Jewellery
 k - a +6 ring of strength (left hand)
 l - a +4 ring of protection
Scrolls
 f - a scroll of enchant weapon {unknown}
 h - a scroll of acquirement {unknown}
 i - a scroll of fog {unknown}
 q - 2 scrolls of identify {unknown}
Potions
 g - a potion of lignification {unknown}
 m - a potion of attraction {unknown}
 n - a potion of curing
 o - a potion of haste {unknown}
 p - a potion of invisibility {unknown}


   Skills:
 - Level 2.0 Fighting
 + Level 2.0 Short Blades
 - Level 1.7 Throwing
 + Level 1.1 Dodging
 + Level 4.8 Stealth


You had 2 spell levels left.
You didn't know any spells.
Your spell library contained the following spells:

 Spells                   Type           Power      Damage    Failure   Level
 Foxfire                  Conj/Fire      0%         2x1d4     32%         1
 Sandblast                Erth           0%         2d4       32%         1
 Passwall                 Tmut/Erth      0%         N/A       45%         2
 Stone Arrow              Conj/Erth      0%         3d7       69%         3


Dungeon Overview and Level Annotations

Branches:
Dungeon (2/15)

Altars:


Innate Abilities, Weirdness & Mutations

A weak demonic guardian rushes to your aid.
You regenerate magic rapidly.


Message History

The worm is heavily wounded.
The worm bites you but does no damage.
The kobold shouts!
You hit the worm.
The worm is severely wounded.
You hit the worm.
The worm is severely wounded.
The worm barely misses you.
You barely miss the worm.
The worm is severely wounded.
You hit the worm.
The worm is almost dead.
The worm bites you.
The ball python hisses angrily.
You hit the worm but do no damage.
The worm is severely wounded.
The worm barely misses you.
You hit the worm.
The worm is almost dead.
The gnoll closely misses you.
You hit the worm.
You kill the worm!
The gnoll misses you.
You closely miss the gnoll. The gnoll closely misses you.
The gnoll hits you with a +0 flail.
You hit the gnoll.
The gnoll is moderately wounded.
The gnoll hits you from afar with a +0 halberd.
* * * LOW HITPOINT WARNING * * *
The gnoll barely misses you.
You barely miss the gnoll.
The gnoll is moderately wounded.
The gnoll hits you from afar with a +0 halberd.
* * * LOW HITPOINT WARNING * * *
A demonic guardian appears!
The gnoll hits you with a +0 flail.
* * * LOW HITPOINT WARNING * * *
You closely miss the gnoll.
The gnoll is moderately wounded.
The gnoll barely misses you. The gnoll hits you with a +0 flail.
You die...

.g##### ..########..#
g....w ..# #..# #....
#.# ...# #.... #.#
###....# ... #.#
..#.#..# ..####.###.#
#.#.#..# #..........###
#.#.#..#
##.......wKSg###.#.#..#
###.......#gg@5...#..#
####...S#####.###..#
####.#..........#
..#####.##...# ..#
#.##...#
...#####.##...#
##.#.....##...#
#.##.#####...#
#...[......#


You could see a worm, 3 gnolls, a ball python, a kobold and a friendly ufetubus
(summoned).

Vanquished Creatures
  2 adders (D:2)
  A worm (D:2)
  A dart slug (D:2)
  4 orcs (D:2)
  An endoplasm (D:2)
  2 giant cockroaches
  A hobgoblin (D:2)
  A kobold (D:2)
  A quokka (D:2)
  3 ball pythons
  3 bats (D:2)
  2 goblins (D:2)
  A rat (D:2)
23 creatures vanquished.

Notes
Turn   | Place    | Note
-------+----------+-------------------------------------------
     0 | D:1      | Locuples the Demonspawn Brigand began the quest for the
                  | Orb.
     0 | D:1      | Reached XP level 1. HP: 16/16 MP: 1/1
   126 | D:1      | Found a faded altar of an unknown god.
   134 | D:1      | Got Plato's Excursus on Conjuration
   621 | D:2      | Reached skill level 4 in Stealth
   621 | D:2      | Gained mutation: You regenerate magic rapidly. [demonic
                  | ancestry]
   621 | D:2      | Reached XP level 2. HP: 16/22 MP: 2/2
   864 | D:2      | Reached skill level 1 in Dodging
   986 | D:2      | Gained mutation: A weak demonic guardian rushes to your
                  | aid. [demonic ancestry]
   986 | D:2      | Reached XP level 3. HP: 25/27 MP: 3/3
  1090 | D:2      | Slain by a gnoll

Illustrated notes

Levels and vault maps discovered:
D:1:      wander_arrival_desolate, layout_basic,
          shapermc_ecumenical_altar_rom_forum, hex_medium
D:2:      minmay_recursive_quarters, layout_loops_ring, grunt_decor_cap

Skill      XL: |  1  2  3 |
---------------+----------+-----
Stealth        | 4 |  4.8
Dodging        | 1 |  1.1
Short Blades   | 2 |  2.0
Fighting       | |  2.0
Throwing       | |  1.7

Action                     || total
---------------------------++-------
  Melee: Dagger            ||   118
         Punch             ||     1
    Use: Potion            ||     1
   Stab: Sleeping          ||     1
         Distracted        ||     1
 Armour: Robe              ||    36
  Dodge: Dodged            ||    78

Table legend: (Time is in decaauts)
 A = Elapsed time spent in this place.
 B = Non-inter-level travel time spent in this place.
 C = Inter-level travel time spent in this place.
 D = Time resting spent in this place.
 E = Time spent auto-exploring this place.
 F = Levels seen in this place.
 G = Mean time per level.
                   A        B        C        D        E       F      G
               +--------+--------+--------+--------+--------+-----+--------+
         Total |   1078 |   1078 |      0 |     56 |    704 |   2 |  539.0 |
       Dungeon |   1078 |   1078 |      0 |     56 |    704 |   2 |  539.0 |
               +--------+--------+--------+--------+--------+-----+--------+

Top non-repeatable levels by time:
     D:1: 588 daAuts
     D:2: 490 daAuts
